 Dungeon Crawl Stone Soup version 0.23.0 (webtiles) character file.

Game seed: 5987590097854879036

112 Peloso the Skirmisher (level 4, 0/41 HPs)
             Began as a Minotaur Fighter on Feb 9, 2019.
             Slain by Sigmund
             ... wielding a +2 scythe of flaming
              (3 damage)
             ... on level 2 of the Dungeon.
             The game lasted 00:02:49 (1244 turns).

Peloso the Skirmisher (Minotaur Fighter)            Turns: 1244, Time: 00:02:50

Health: 0/41       AC:  9    Str: 21    XL:     4   Next: 63%
Magic:  3/3        EV:  5    Int:  5    God:
Gold:   109        SH:  9    Dex: 10    Spells: 3/3 levels left

rFire    . . .     SeeInvis .   a - +0 long sword
rCold    . . .     Gourm    .   c - +0 shield
rNeg     . . .     Faith    .   i - +0 chain mail
rPois    .         Spirit   .   (helmet restricted)
rElec    .         Reflect  .   (no cloak)
rCorr    .         Harm     .   (no gloves)
MR       +....                  (no boots)
Stlth    ..........             (no amulet)
HPRegen  0.13/turn              m - ring of protection from magic
MPRegen  0.08/turn              q - ring of attention (curse)

@: no status effects
A: retaliatory headbutt, horns 2
a: no special abilities


You were on level 2 of the Dungeon.
You were not hungry.

You visited 1 branch of the dungeon, and saw 2 of its levels.

You collected 109 gold pieces.

Inventory:

Hand Weapons
 a - a +0 long sword (weapon)
Armour
 b - a +0 scale mail
 c - a +0 shield (worn)
 i - a +0 chain mail (worn)
Jewellery
 m - a ring of protection from magic (left hand)
 n - an uncursed ring of flight
 q - a cursed ring of attention (right hand)
Scrolls
 g - 2 scrolls of remove curse {unknown}
 h - a scroll of enchant weapon {unknown}
 k - a scroll of fear {unknown}
 p - a scroll of magic mapping {unknown}
Potions
 d - a potion of might
 e - a potion of curing {unknown}
 j - a potion of mutation {unknown}
 l - 2 potions of magic {unknown}
 o - 2 potions of ambrosia {unknown}
Comestibles
 f - 5 rations


   Skills:
 + Level 4.6 Fighting
 + Level 3.6 Long Blades
 + Level 4.3 Armour
 + Level 0.2 Dodging
 + Level 4.5 Shields


You had 3 spell levels left.
You didn't know any spells.
Your spell library was empty.

Dungeon Overview and Level Annotations

Branches:
Dungeon (2/15)

Altars:

Annotations:
D:2 Sigmund


Innate Abilities, Weirdness & Mutations

You reflexively headbutt those who attack you in melee.
You have a pair of horns on your head.


Message History

Something burns you.
You closely miss the adder.
The adder is severely wounded.
You block the adder's attack. The adder closely misses you. Something hits you!
Something burns you.
You hit the adder.
You kill the adder!
Something hits you.
* * * LOW HITPOINT WARNING * * *
Something burns you.
* * * LOW HITPOINT WARNING * * *
You barely miss something. You headbutt something!
Something hits you but does no damage.
You miss something. You block something's attack.
You hit something. You headbutt something. Something hits you.
* * * LOW HITPOINT WARNING * * *
Something burns you.
* * * LOW HITPOINT WARNING * * *
You miss something. You headbutt something. Something hits you.
You die...

#.###.##.#.........#######.##....
#................#.# #.######
#####.##.#########.# ####'## #
#.##.#.........# #.....# #
#.##.#.######### #.....# #
#.##....###########.....# #
#.................'.....# #
##......####.######.....#
######.#....####@# #.....# ###
.......+......##.# ####### ...
########......##r### ### #
##..........# ######.....#######
#............ #.........#
#.........# ######....#


You could see a rat.

Vanquished Creatures
  7 adders (D:2)
  5 dart slugs
  3 leopard geckos
  A giant cockroach (D:1)
  A goblin (D:2)
  7 hobgoblins (D:1)
  2 kobolds (D:1)
  2 ball pythons
  7 bats
  6 rats
41 creatures vanquished.

Notes
Turn   | Place    | Note
-------+----------+-------------------------------------------
     0 | D:1      | Peloso the Minotaur Fighter began the quest for the Orb.
     0 | D:1      | Reached XP level 1. HP: 19/19 MP: 0/0
   143 | D:1      | Reached XP level 2. HP: 24/27 MP: 1/1
   481 | D:1      | Reached XP level 3. HP: 34/34 MP: 2/2
   731 | D:2      | Reached XP level 4. HP: 34/41 MP: 3/3
  1222 | D:2      | Noticed Sigmund
  1244 | D:2      | Slain by Sigmund

Skill      XL: |  1  2  3 |
---------------+----------+-----
Fighting       | 4 |  4.6
Armour         | 4 |  4.3
Long Blades    | 3 |  3.6
Shields        | 4 |  4.5
Dodging        | |  0.2

Action                   |  1- 3 |  4- 6 || total
-------------------------+-------+-------++-------
Melee: Long sword        |    78 |    46 ||   124
       Headbutt          |     9 |     6 ||    15
  Eat: Chunk             |       |     1 ||     1
Armor: Scale mail        |     9 |       ||     9
       Chain mail        |    27 |    24 ||    51
Dodge: Dodged            |    23 |     6 ||    29
Block: Shield            |    45 |    30 ||    75
       Rpst.: Long sword |     3 |     1 ||     4
